 Dungeon Crawl Stone Soup version 0.23.0-3-gf3c87f2 (webtiles) character file.

Game seed: 5105990997748378807

71 Borgoz the Sneak (level 4, 0/38 HPs)
             Began as a Ghoul Assassin on Feb 24, 2019.
             Slain by a gnoll
             ... wielding a +0 halberd
              (13 damage)
             ... on level 2 of the Dungeon.
             The game lasted 00:03:18 (1317 turns).

Borgoz the Sneak (Ghoul Assassin)                   Turns: 1317, Time: 00:03:19

Health: 0/38       AC:  7    Str: 14    XL:     4   Next: 24%
Magic:  3/3        EV: 11    Int:  7    God:
Gold:   36         SH:  0    Dex: 10    Spells: 3/3 levels left

rFire    . . .     SeeInvis .   a - +2 dagger
rCold    + . .     Gourm    .   (no shield)
rNeg     + + +     Faith    .   j - +1 ring mail
rPois    ∞         Spirit   .   (no helmet)
rElec    .         Reflect  .   n - +0 cloak
rCorr    .         Harm     .   (no gloves)
MR       .....                  (no boots)
Stlth    +.........             (no amulet)
HPRegen  0.00/turn              c - ring of attention (curse)
MPRegen  0.08/turn              (no ring)

@: rotting
A: rotting body, claws 1, carnivore, cold resistance 1, negative energy
resistance 3, inhibited regeneration, torment resistance, unbreathing
a: no special abilities


You were on level 2 of the Dungeon.
You were not hungry.

You visited 1 branch of the dungeon, and saw 2 of its levels.

You collected 36 gold pieces.

Inventory:

Hand Weapons
 a - a +2 dagger (weapon)
 b - a +0 blowgun
Missiles
 e - 8 poisoned needles
 f - 2 curare-tipped needles
Armour
 j - a +1 ring mail (worn)
 n - a +0 cloak (worn)
Jewellery
 c - a cursed ring of attention (left claw)
Scrolls
 d - a scroll of amnesia
Potions
 i - a potion of magic {unknown}
 k - a potion of might {unknown}
 p - a potion of curing
Comestibles
 g - 2 rations
 h - 2 chunks of flesh


   Skills:
 + Level 3.2 Fighting
 + Level 2.7 Short Blades
 - Level 1.7 Throwing
 + Level 2.1 Dodging
 - Level 4.3 Stealth


You had 3 spell levels left.
You didn't know any spells.
Your spell library was empty.

Dungeon Overview and Level Annotations

Branches:
Dungeon (2/15)

Altars:


Innate Abilities, Weirdness & Mutations

Your body is rotting away.
You thrive on raw meat.
You are immune to poison.
You have sharp fingernails.
You are carnivorous and can eat meat at any time.
Your flesh is cold resistant. (rC+)
You are immune to negative energy. (rN+++)
You do not regenerate when monsters are visible.
You are immune to unholy pain and torment.
You can survive without breathing.


Message History

The gnoll is heavily wounded.
The gnoll barely misses you. The gnoll hits you with a +0 spear.
You hit the gnoll.
The gnoll is almost dead.
The gnoll hits you with a +0 spear! The gnoll barely misses you.
You closely miss the gnoll.
The gnoll is almost dead.
The gnoll hits you with a +0 spear!
The gnoll hits you from afar with a +0 halberd.
You hit the gnoll.
You kill the gnoll!
The gnoll hits you but does no damage.
You see here a +0 spear.
You hit the gnoll.
The gnoll is lightly wounded.
The gnoll hits you with a +0 halberd!
Your ring mail prevents you from hitting the gnoll.
The gnoll is lightly wounded.
The gnoll hits you with a +0 halberd!
You die...

# #.,,,....# #.# #
*#.,**#..####.#######** #
*#.###..............,******* #
#.....####.########,,,,,,,, #
**##.......# ********* #
##........# * ## #..##.##.## .#
##.##..##.g# .######..##.####@###
..##....###.# #...## ..#..####
#.# ###..## ..#.#######.# ##..#
...[.......g#### ##)#
.#..####.......# #.#
......*#.......## #.#
#.#.#.........<$# #.#*
#.#.####......<.#**#..***********


You could see a gnoll.

Vanquished Creatures
  3 gnolls (D:2)
  2 adders
  An ooze (D:2)
  A dart slug (D:2)
  4 bats
  A giant cockroach (D:1)
  3 goblins
  A hobgoblin (D:2)
  A kobold (D:1)
  4 frilled lizards
  2 rats
23 creatures vanquished.

Notes
Turn   | Place    | Note
-------+----------+-------------------------------------------
     0 | D:1      | Borgoz the Ghoul Assassin began the quest for the Orb.
     0 | D:1      | Reached XP level 1. HP: 17/17 MP: 0/0
    35 | D:1      | Reached skill level 1 in Dodging
   308 | D:1      | Reached XP level 2. HP: 22/25 MP: 1/1
   723 | D:1      | Reached XP level 3. HP: 10/29 MP: 2/2
  1121 | D:2      | Reached XP level 4. HP: 12/38 MP: 3/3
  1317 | D:2      | Slain by a gnoll

Skill      XL: |  1  2  3 |
---------------+----------+-----
Dodging        | 1 2 |  2.1
Short Blades   | 2 |  2.7
Fighting       | 3 |  3.2
Throwing       | |  1.7
Stealth        | |  4.3

Action                   |  1- 3 |  4- 6 || total
-------------------------+-------+-------++-------
Melee: Dagger            |   125 |     7 ||   132
  Use: Scroll            |       |     5 ||     5
 Stab: Sleeping          |     4 |       ||     4
  Eat: Chunk             |     9 |     1 ||    10
Armor: Ring mail         |    44 |     5 ||    49
       Robe              |     1 |       ||     1
Dodge: Dodged            |    48 |     4 ||    52
